AoeStats
← DoYouThinkThatsWise

Arabia

510386509Analyzed
1v1 RM · 16h ago on Sep 30, 2026· 32m 12s· 2 players
Game mode
Random Map
Map size
Tiny (2 player)
Population
200
Speed
Normal
Resources
Standard
Victory
Conquest
Starting age
Dark Age
Ending age
Imperial Age
RankedLock teamsTeams togetherTeam positionsShared explorationLock speedFull tech treeHidden civsTurbo modeCheats
Victory
Defeat
🇬🇧 Inca · United Kingdom
1277
+14
🇧🇷 Varangians · Brazil
1244
-14
ToninMarvado
6:56 Loom
9:44 Feudal Age
10:26 Double-Bit Axe
13:59 Bloodlines
16:36 Forging
17:58 Scale Barding Armor
23:45 Castle Age
23:54 Crossbowman
26:33 Iron Casting
27:24 Padded Archer Armor
28:40 Wheelbarrow
30:25 Fletching
30:37 Town Watch
DoYouThinkThatsWise
6:13 Loom
8:58 Feudal Age
10:27 Double-Bit Axe
10:54 Champi Runner
12:31 Arson
17:07 Forging
18:04 Scale Mail Armor
25:39 Castle Age
26:00 Champi Warrior
26:41 Squires
27:58 Chain Mail Armor
29:06 Iron Casting
30:44 Wheelbarrow
30:13 Fletching
31:23 Bodkin Arrow
Connection lost

Rejoining the realm…

Still unreachable

The connection could not be restored.

Session expired

The server has moved on; the page needs a fresh start.